Map: Oxide LE

Players

ShoWTimE

  • Race: Protoss Protoss

HeroMarine - Winner!

  • Race: Terran Terran

Event: DreamHack SC2 Masters 2021 Fall

VOD

Have the link to the VOD?

Description

Time

  • Played on: Aug. 10, 2021, 12:58 p.m.
  • Length: 8:18

All games in this series

Show
View Real Time Build Order
Export as new Build Order

ShoWTimE Protoss 

Build Orders: 1 Gate Expand, Blink Stalkers 

Get SALT Encoding   

  12  0:00  Probe  
  13  0:12  Probe  
  14  0:17  Pylon  
  14  0:24  Probe (Chrono Boost)  
  15  0:36  Gateway, Probe (Chrono Boost)  
  16  0:44  Probe (Chrono Boost)  
  16  0:45  Assimilator  
  17  0:50  Probe  
  18  1:03  Probe  
  19  1:15  Probe  
  20  1:24  Cybernetics Core  
  20  1:31  Nexus  
  20  1:34  Probe  
  21  1:42  Pylon  
  21  1:46  Probe  
  21  1:50  Assimilator  
  21  1:57  Adept (Chrono Boost)  
  21  1:58  Probe (Chrono Boost)  
  21  2:01  Warp Gate  
  24  2:11  Probe (Chrono Boost)  
  25  2:18  Probe (Chrono Boost)  
  26  2:24  Twilight Council  
  26  2:25  Probe  
  27  2:33  Stalker  
  29  2:37  Probe  
  29  2:43  Probe  
  31  2:49  Probe  
  31  2:50  Gateway  
  32  2:52  Blink (Chrono Boost)  
  32  2:55  Probe  
  33  3:01  Probe  
  34  3:07  Probe  
  35  3:13  Probe  
  35  3:19  Robotics Facility, Probe  
  37  3:25  Probe  
  38  3:31  Probe  
  38  3:33  Gateway  
  39  3:36  Gateway  
  39  3:37  Probe  
  40  3:43  Pylon, Probe  
  41  3:50  Stalker x2  
  41  3:54  Probe  
  46  3:57  Pylon  
  46  4:01  Probe  
  47  4:05  Assimilator  
  47  4:06  Warp Prism (Chrono Boost)  
  49  4:20  Probe  
  49  4:22  Assimilator  
  51  4:29  Stalker x2  
  51  4:30  Stalker x2  
  58  4:33  Pylon  
  58  4:36  Probe x2  
  61  4:38  Observer  
  61  4:40  Pylon  
  61  4:48  Probe  
  61  4:51  Probe  
  63  4:57  Stalker x3  
  69  5:01  Pylon  
  69  5:05  Probe  
  70  5:15  Robotics Bay  
  68  5:24  Nexus  
  68  5:30  Forge  
  68  5:31  Pylon  
  70  5:40  Charge (Chrono Boost)  
  70  5:42  Pylon  
  69  5:43  Immortal (Chrono Boost)  
  69  5:49  Probe x2  
  74  6:00  Sentry  
  74  6:01  Probe x2  
  78  6:08  Extended Thermal Lance  
  76  6:11  Colossus (Chrono Boost)  
  76  6:16  Stalker x2  
  81  6:20  Probe  
  81  6:23  Probe  
  81  6:36  Probe  
  82  6:40  Sentry  
  80  6:49  Shield Battery  
  78  6:55  Zealot x2  
  77  7:02  Zealot  
  71  7:08  Colossus (Chrono Boost)  
  71  7:10  Probe  
  71  7:13  Zealot  
  80  7:16  Zealot x2  
  80  7:18  Probe  
  83  7:27  Gateway  
  83  7:32  Zealot  
  83  7:36  Zealot x3  
  89  7:38  Probe x2  
  89  7:39  Probe  
  92  7:47  Gateway  
  86  7:54  Zealot  
  86  7:56  Probe  
  86  7:57  Zealot x3  
  77  8:03  Probe x2  
Show
View Real Time Build Order
Export as new Build Order

HeroMarine Terran - Winner!

Build Orders:  

Get SALT Encoding   

  12  0:00  SCV  
  13  0:12  SCV  
  14  0:16  Supply Depot  
  14  0:24  SCV  
  15  0:38  SCV  
  15  0:39  Barracks  
  16  0:43  Refinery  
  16  0:50  SCV  
  17  1:02  SCV  
  18  1:14  SCV  
  19  1:25  Marine  
  19  1:26  Orbital Command  
  20  1:45  Barracks Reactor, Command Center  
  20  1:51  Supply Depot  
  20  1:55  SCV  
  21  2:07  SCV  
  21  2:08  Factory  
  22  2:19  SCV  
  22  2:20  Refinery  
  22  2:21  Marine x2  
  25  2:31  SCV  
  26  2:39  Marine x2  
  26  2:43  SCV  
  29  2:51  Hellion  
  29  2:52  Starport  
  29  2:56  SCV, Orbital Command  
  32  3:00  Marine x2  
  34  3:08  SCV  
  35  3:13  Widow Mine  
  35  3:18  Supply Depot  
  37  3:20  Marine, SCV  
  37  3:22  SCV  
  37  3:23  Marine  
  41  3:33  SCV  
  44  3:40  SCV, Factory Tech Lab, Starport Tech Lab  
  43  3:43  Marine x2  
  43  3:45  Supply Depot, SCV  
  46  3:52  SCV, Bunker  
  47  3:57  SCV  
  47  3:58  Raven  
  47  3:59  Siege Tank  
  47  4:02  Marine  
  54  4:06  Marine  
  54  4:08  Supply Depot, SCV  
  57  4:10  SCV  
  57  4:13  Barracks  
  57  4:20  Marine, Engineering Bay  
  57  4:22  SCV  
  60  4:24  Marine, SCV  
  60  4:29  Refinery  
  61  4:32  Siege Tank  
  61  4:34  SCV  
  61  4:36  SCV  
  66  4:43  Marine x2  
  68  4:47  SCV  
  68  4:48  SCV, Barracks  
  70  4:56  Bunker  
  70  4:58  Terran Infantry Weapons Level 1  
  69  5:03  Bunker  
  70  5:10  Supply Depot  
  70  5:11  Supply Depot  
  70  5:12  Stimpack  
  68  5:14  Siege Tank  
  68  5:19  SCV  
  70  5:24  Starport Reactor  
  70  5:25  Supply Depot  
  70  5:28  Refinery  
  70  5:31  Marine x2  
  70  5:32  SCV x2  
  70  5:34  Marauder  
  76  5:44  SCV x2  
  78  5:50  Marine x2  
  78  5:56  Marauder  
  82  5:57  SCV  
  82  5:58  SCV  
  82  5:59  Factory Tech Lab  
  82  6:00  Command Center  
  82  6:02  Medivac x2  
  82  6:03  Marauder  
  89  6:04  Combat Shield  
  89  6:08  Marine x2  
  90  6:11  Supply Depot  
  90  6:17  Marauder  
  92  6:22  Siege Tank  
  93  6:26  Marine  
  94  6:33  Marine, Marauder  
  94  6:35  Medivac  
  94  6:38  Medivac, Command Center  
  101  6:46  Marauder  
  102  6:50  Marine  
  102  6:51  Marine, Supply Depot  
  101  6:54  SCV  
  101  6:55  SCV, Marauder  
  101  6:56  Siege Tank  
  106  7:07  SCV x2  
  104  7:09  Marauder  
  104  7:10  Marine x2  
  104  7:14  Viking  
  110  7:16  Marauder  
  114  7:22  Viking  
  114  7:25  Supply Depot  
  114  7:30  Marauder  
  114  7:33  Concussive Shells  
  114  7:35  Marine  
  117  7:37  Marauder  
  117  7:40  Siege Tank  
  120  7:52  Marine x2, Marauder  
  120  7:55  SCV x2  

Tags
 
Add a new tag
Caveats
  • Supply blocks, unpowered buildings, or Contaminate may cause inaccurate times.
  • Supply counts are checked every 10 seconds.